 Dungeon Crawl Stone Soup version 0.29.1-1-gd02db6906a (webtiles) character file.

Game seed: 7541703528365425586

12 Gabide the Grave Robber (level 2, -1/19 HPs)
             Began as a Mummy Necromancer on Oct 7, 2022.
             Slain by a ball python (3 damage)
             ... on level 1 of the Dungeon.
             The game lasted 00:01:22 (193 turns).

Gabide the Grave Robber (Mummy Necromancer)          Turns: 193, Time: 00:01:24

Health: -1/19      AC:  2    Str: 11    XL:     2   Next: 20%
Magic:  0/5        EV: 12    Int: 14    God:
Gold:   10         SH:  0    Dex: 12    Spells: 5/6 levels left

rFire   x . .      SeeInvis .     - Unarmed
rCold   + . .      Faith    .   (no shield)
rNeg    + + +      Spirit   .   a - +0 robe
rPois   ∞          Reflect  .   (no helmet)
rElec   .          Harm     .   (no cloak)
rCorr   .          Rampage  .   (no gloves)
Will    .....                   (no boots)
Stlth   ++........              (no amulet)
HPRegen 0.06/turn               (no ring)
MPRegen 0.09/turn               (no ring)

@: no status effects
A: cold resistance 1, negative energy resistance 3, torment resistance 2, heat
vulnerability 1, no potions
a: no special abilities


You were on level 1 of the Dungeon.
You visited 1 branch of the dungeon, and saw 1 of its levels.

You collected 10 gold pieces.

Inventory:

Armour
 a - a +0 robe (worn)
Scrolls
 b - a scroll of torment {unknown}


   Skills:
 + Level 1.5 Dodging
 + Level 1.5 Stealth
 + Level 1.1 Unarmed Combat
 + Level 2.6 Spellcasting
 * Level 4.2 Necromancy


You had 5 spell levels left.
You knew the following spells:

 Your Spells              Type           Power      Damage    Failure   Level
a - Necrotise             Necr           52%        1d6       4%          1

Your spell library contained the following spells:

 Spells                   Type           Power      Damage    Failure   Level
 Vampiric Draining        Necr           13%        2d6       12%         3
 Animate Dead             Necr           13%        N/A       36%         4
 Agony                    Necr           13%        N/A       73%         5


Dungeon Overview and Level Annotations

Branches:
Dungeon (1/15)

Altars:


Innate Abilities, Weirdness & Mutations

You are immune to poison.
Your flesh is cold resistant. (rC+)
You are immune to negative energy. (rN+++)
You are immune to unholy pain and torment.
You are vulnerable to heat. (rF-)
You do not drink.


Message History

Unknown command.
You swap places.
Your gnoll skeleton barely misses the ball python.
The ball python bites your gnoll skeleton.
The ball python grabs your gnoll skeleton.
The ball python constricts your gnoll skeleton.
Your gnoll skeleton hits the ball python.
The ball python bites your gnoll skeleton.
The ball python constricts your gnoll skeleton.
The ball python bites your gnoll skeleton.
The ball python constricts your gnoll skeleton.
Your gnoll skeleton barely misses the ball python.
The ball python bites your gnoll skeleton.
The ball python constricts your gnoll skeleton.
Your gnoll skeleton barely misses the ball python.
The ball python bites your gnoll skeleton.
The ball python constricts your gnoll skeleton.
The ball python bites your gnoll skeleton.
Your gnoll skeleton is destroyed!
You see here a +0 whip.
Aiming: Necrotise (safe; 4% risk of failure)
Press: ? - help, Q - select action Shift-Dir - straight line, f - ball python
Aim: a ball python (chance to affect: 83%)
The ball python barely resists.
There is an open door here.
Aiming: Necrotise (safe; 4% risk of failure)
Press: ? - help, Q - select action Shift-Dir - straight line, f/p - ball python
Aim: a ball python (chance to affect: 83%)
The ball python barely resists.
The ball python attacks as you move away!
The ball python barely misses you.
The ball python attacks as you move away!
The ball python bites you.
* * * LOW HITPOINT WARNING * * *
The ball python misses you. The ball python bites you.
* * * LOW HITPOINT WARNING * * *
The ball python closely misses you.
The ball python attacks as you move away!
The ball python bites you.
You die...

#.......# #.#####.# #.# #.#
#.#####'##### ######
#######.##........# #....#
#.....#.##.(......# #....#
#.....#...........#
#....####.....###.........#
.....'.........S@....>....#
.....#.......#.#...##'#####
.....#.###..##.##..####
!....#.....####.#.##
.....#####.# ##.## .......
#.# ♣.## .....### #.# ##.##
.##### #.# ##.## .. #.#
##.##


You could see a ball python.

Vanquished Creatures
  A gnoll (D:1)
  An endoplasm (D:1)
  A hobgoblin (D:1)
3 creatures vanquished.

Notes
Turn   | Place    | Note
-------+----------+-------------------------------------------
     0 | D:1      | Gabide the Mummy Necromancer began the quest for the Orb.
     0 | D:1      | Reached XP level 1. HP: 13/13 MP: 4/4
   152 | D:1      | Reached skill level 1 in Unarmed Combat
   152 | D:1      | Reached XP level 2. HP: 8/19 MP: 0/5
   193 | D:1      | Slain by a ball python

Illustrated notes

Levels and vault maps discovered:
D:1:      nagdon_arrival_zigzag_paths, layout_basic, serial_shops, shop,
          minmay_nonomino_d4

Skill      XL: |  1 |
---------------+----+-----
Unarmed Combat | 1 |  1.1
Dodging        | |  1.5
Stealth        | |  1.5
Spellcasting   | |  2.6
Necromancy     | |  4.2

Action                   || total
-------------------------++-------
Melee: Unarmed           ||     6
 Cast: Necrotise         ||    12
Dodge: Dodged            ||     7
